 Dungeon Crawl Stone Soup version 0.31-a0-828-gb7646bb5e3 (webtiles) character file.

Game seed: 8097213729062029197

7633 Essalna the Geomancer (level 11, -7/73 HPs)
             Began as a Gargoyle Earth Elementalist on Sept 24, 2023.
             Was an Initiate of Vehumet.
             Mangled by a wolf (9 damage)
             ... led by Grum
             ... on level 9 of the Dungeon.
             The game lasted 00:20:48 (10312 turns).

Essalna the Geomancer (GrEE)                       Turns: 10312, Time: 00:20:48

Health: -7/73      AC: 15    Str: 13    XL:     11   Next: 18%
Magic:  17/17      EV: 11    Int: 31    God:    Vehumet [......]
Gold:   908        SH:  0    Dex: 10    Spells: 10/18 levels left

rFire   + . .        A - +3 falchion of the Evening {heavy, *Rage rC+ Int+6 SInv}
rCold   + . .        (no shield)
rNeg    + + .        w - +2 robe {rN+}
rPois   ∞            p - +1 helmet
rElec   +            (no cloak)
rCorr   .            k - +0 pair of gloves
SInv    +            (no boots)
Will    +....        (no amulet)
Stlth   ++           d - ring of willpower
HPRegen 0.32/turn    r - ring of Ofewu {rPois rF+ Int+6 Slay+3}
MPRegen 0.15/turn

%: random rage (20%)
@: no status effects
A: sickness immunity, AC +8, negative energy resistance 1, electricity
resistance, torment resistance 1, petrification resistance
a: Renounce Religion


You were on level 9 of the Dungeon.
You worshipped Vehumet.
Vehumet was noncommittal.
You visited 2 branches of the dungeon, and saw 10 of its levels.
You also visited: Sewer.

You collected 908 gold pieces.

Inventory:

Hand Weapons
 e - a +0 short sword
 n - a +1 dagger of venom
 A - the +3 falchion of the Evening (weapon) {heavy, *Rage rC+ Int+6 SInv}
   (You found it on level 7 of the Dungeon)

   Int+6:     It affects your intelligence (+6).
   rC+:       It protects you from cold.
   SInv:      It lets you see invisible.
   *Rage:     It berserks you when you make melee attacks (+20% chance).
Missiles
 z - a throwing net
Armour
 a - a +0 robe
 k - a +0 pair of gloves (worn)
 p - a +1 helmet (worn)
 w - a +2 robe of positive energy (worn)
Jewellery
 d - a ring of willpower (left hand)
 h - a ring of flight
 r - the ring of Ofewu (right hand) {rPois rF+ Int+6 Slay+3}
   (You acquired it on level 7 of the Dungeon)

   [ring of intelligence]

   Int+6:     It affects your intelligence (+6).
   Slay+3:    It affects your accuracy & damage with ranged weapons and melee
   (+3).
   rF+:       It protects you from fire.
   rPois:     It protects you from poison
 G - a +6 ring of intelligence
Wands
 j - a wand of iceblast (25)
 m - a wand of flame (15)
 u - a wand of light (20)
 F - a wand of paralysis (10)
 I - a wand of mindburst (10)
Scrolls
 c - 2 scrolls of teleportation
 g - 7 scrolls of identify
 t - a scroll of revelation
 x - 2 scrolls of fear
 y - 2 scrolls of fog
 C - a scroll of vulnerability {unknown}
 D - a scroll of immolation {unknown}
 H - a scroll of enchant armour
 J - a scroll of blinking {unknown}
Potions
 b - 2 potions of magic
 f - 2 potions of degeneration
 i - a potion of ambrosia {unknown}
 l - 2 potions of might {unknown}
 o - a potion of attraction {unknown}
 q - a potion of brilliance {unknown}
 s - 2 potions of enlightenment {unknown}
 v - 2 potions of haste {unknown}
 B - 3 potions of mutation {unknown}
 E - a potion of heal wounds {unknown}
 K - a potion of curing


   Skills:
 + Level 10.6 Fighting
 - Level 1.5 Dodging
 - Level 2.1 Stealth
 - Level 4.0 Spellcasting
 + Level 10.0 Conjurations
 - Level 1.0 Transmutations
 + Level 12.0 Earth Magic


You had 10 spell levels left.
You knew the following spells:

 Your Spells              Type           Power      Damage    Failure   Level
a - Sandblast             Erth           100%       2d20      1%          1
b - Brom's Barrelling Bo  Conj/Erth      66%        2d8       1%          4
c - Stone Arrow           Conj/Erth      100%       3d13      1%          3

Your spell library contained the following spells:

 Spells                   Type           Power      Damage    Failure   Level
 Shock                    Conj/Air       100%       1d9       1%          1
 Passwall                 Tmut/Erth      38%        N/A       1%          2
 Petrify                  Tmut/Erth      46%        N/A       4%          4
 Iskenderun's Mystic Bla  Conj/Tloc      37%        2d9       8%          4
 Swiftness                Air            6%         N/A       19%         3
 Tukima's Dance           Hex            6%         N/A       19%         3
 Airstrike                Air            3%         2d(1-17)  52%         4
 Dimensional Bullseye     Hex/Tloc       3%         N/A       52%         4


Dungeon Overview and Level Annotations

Branches:
Dungeon (9/15)             Temple (1/1) D:5           Sewer (visited)
   Lair: D:8-11         Orc: D:9-12

Altars:
Ashenzari
Cheibriados
Dithmenos
Elyvilon
Fedhas
Gozag
Hepliaklqana
Kikubaaqudgha
Makhleb
Nemelex Xobeh
Okawaru
Qazlal
Ru
Sif Muna
Trog
Uskayaw
Vehumet
Wu Jian
Xom
Yredelemnul
Zin
The Shining One

Annotations:
D:9 Grum


Innate Abilities, Weirdness & Mutations

You are immune to sickness and miasma.
Your stone body is resilient. (AC +8)
You are immune to poison.
You resist negative energy. (rN+)
You are resistant to electric shocks. (rElec)
You are resistant to unholy torment.
You are immune to petrification.


Message History

The wolf howls!
You are too injured to fight recklessly!
You are too injured to fight recklessly!
You barely miss the wolf.
The wolf is heavily wounded.
You hear a howl!
The wolf closely misses you. The wolf misses you. Grum barely misses you.
A wolf comes into view.
The wolf closely misses you. Grum hits you but does no damage.
You closely miss the wolf.
The wolf is heavily wounded.
The wolf howls!
The wolf closely misses you. The wolf bites you!
Grum hits you but does no damage. The wolf bites you but does no damage.
Grum barely misses you. The wolf misses you.
The wolf attacks as it pursues you!
The wolf bites you but does no damage. x2
The wolf bites you but does no damage. The wolf attacks as it pursues you!
The wolf bites you but does no damage. The wolf closely misses you.
The wolf attacks as it pursues you! The wolf bites you but does no damage.
Grum attacks as he pursues you! Grum misses you. The wolf misses you.
Grum attacks as he pursues you!
Grum hits you from afar with a +1 spear!
* * * LOW HITPOINT WARNING * * *
The wolf bites you but does no damage. The wolf attacks as it pursues you!
The wolf bites you!
* * * LOW HITPOINT WARNING * * *
The wolf attacks as it pursues you! The wolf bites you but does no damage.
The wolf misses you. The wolf bites you but does no damage.
The wolf barely misses you. The wolf bites you!
* * * LOW HITPOINT WARNING * * *
Grum attacks as he pursues you!
Grum hits you from afar with a +1 spear!
* * * LOW HITPOINT WARNING * * *
The wolf bites you!
You die...

# # # #### ..># .#.###
################# .....#
#...............#
.#.#.####+#############.#
.#.#.##.....##.<@hg..##.#
##.#.#.......###.h##.##.#
...#.#...)...#.....h.##.#
##.#.+..._...'.##.##....#
#.#.#.......#.....#.####
##.#.#.......#######h#
...#.##.....##.hh....#
##.#.####'####.#######
#.#.###..# #.#


You could see Grum and 3 wolves.

Vanquished Creatures
  A two-headed ogre (D:8)
  Maggie (D:7)
  A gargoyle (D:6)
  A troll (D:6)
  Sigmund (D:2)
  A vampire (D:9)
  2 wyverns
  A wraith (D:6)
  5 yaks
  A steam dragon (D:6)
  2 vampire mosquitoes (D:6)
  An acid dragon (D:6)
  A water moccasin (D:7)
  Pargi (Sewer)
  2 ice beasts (D:6)
  4 black bears
  3 orc warriors
  3 ogres
  2 centaurs (D:6)
  4 phantoms
  3 kobold brigands
  3 bullfrogs
  A gnoll sergeant (D:7)
  3 scorpions
  10 wights (D:8)
  4 killer bees (D:9)
  2 quasits (D:7)
  2 hounds
  2 jellies
  6 orc priests
  A gnoll bouda (D:7)
  Ijyb (D:3)
  Natasha (thrice) (D:2)
  2 sleepcaps
  2 iguanas
  9 orc wizards
  13 gnolls
  8 adders
  3 shadow imps
  3 white imps
  2 ufetubi
  A worm (D:3)
  2 dart slugs
  23 orcs
  3 bats
  6 endoplasms
  9 giant cockroaches
  5 goblins
  8 hobgoblins
  7 quokkas
  5 ball pythons
  7 frilled lizards
  14 kobolds
  7 rats
218 creatures vanquished.

Vanquished Creatures (others)
  A sky beast (D:6)
  A gnoll (D:7)
  3 boulders
5 creatures vanquished.

Grand Total: 223 creatures vanquished

Notes
Turn   | Place    | Note
-------+----------+-------------------------------------------
     0 | D:1      | Essalna the Gargoyle Earth Elementalist began the quest for
                  | the Orb.
     0 | D:1      | Reached XP level 1. HP: 10/10 MP: 3/3
   158 | D:1      | Reached skill level 1 in Transmutations
   158 | D:1      | Reached XP level 2. HP: 16/16 MP: 0/5
   276 | D:1      | Reached skill level 1 in Fighting
   351 | D:1      | Reached skill level 4 in Earth Magic
   515 | D:1      | Reached XP level 3. HP: 19/20 MP: 0/6
  1070 | D:2      | Found a faded altar of an unknown god.
  1217 | D:2      | Noticed Natasha
  1222 | D:2      | Killed Natasha
  1223 | D:2      | Reached XP level 4. HP: 26/26 MP: 3/8
  1415 | D:2      | Noticed Natasha
  1424 | D:2      | Killed Natasha
  1425 | D:2      | Reached XP level 5. HP: 31/31 MP: 5/9
  1435 | D:2      | Noticed Natasha
  1439 | D:2      | Killed Natasha
  1440 | D:2      | Reached skill level 5 in Earth Magic
  1494 | D:2      | Learned a level 4 spell: Brom's Barrelling Boulder
  1582 | D:2      | Noticed Sigmund
  1609 | D:3      | Found a basalt altar of Yredelemnul.
  1667 | D:3      | Found an iron altar of Okawaru.
  1728 | D:3      | Found a bloodstained altar of Trog.
  1747 | D:3      | Found a broken altar of Ashenzari.
  1968 | D:3      | Found a glowing golden altar of the Shining One.
  1968 | D:3      | Found an ancient bone altar of Kikubaaqudgha.
  1998 | D:3      | Found an ornate altar of the Wu Jian Council.
  2244 | D:3      | Noticed Ijyb
  2684 | D:3      | Killed Ijyb
  2685 | D:3      | Reached skill level 1 in Conjurations
  3231 | D:4      | Reached XP level 6. HP: 37/37 MP: 8/11
  3330 | D:4      | Noticed a black bear
  3339 | D:4      | Noticed a black bear
  3393 | D:4      | Killed a black bear
  3471 | D:4      | Found a glowing drain.
  3477 | Sewer    | Entered a sewer
  3511 | Sewer    | Noticed Pargi
  3515 | Sewer    | Killed Pargi
  3516 | Sewer    | Reached XP level 7. HP: 24/42 MP: 7/12
  4087 | D:4      | Reached skill level 6 in Earth Magic
  4134 | D:4      | Found a sacrificial altar of Ru.
  4410 | D:4      | Learned a level 3 spell: Stone Arrow
  4421 | D:5      | Entered Level 5 of the Dungeon
  4535 | D:2      | Killed Sigmund
  4536 | D:2      | Reached skill level 5 in Fighting
  4536 | D:2      | Reached XP level 8. HP: 49/49 MP: 3/14
  4895 | D:5      | Reached skill level 7 in Earth Magic
  4937 | D:5      | Found a sparkling altar of Nemelex Xobeh.
  5125 | D:5      | Found a white marble altar of Elyvilon.
  5171 | D:5      | Reached skill level 5 in Conjurations
  5233 | D:5      | Found a staircase to the Ecumenical Temple.
  5282 | Temple   | Entered the Ecumenical Temple
  5336 | D:5      | Reached skill level 8 in Earth Magic
  5545 | D:6      | Reached XP level 9. HP: 56/56 MP: 12/15
  5701 | D:6      | Identified the +5 sling of Hubris {speed, rPois rF+}
  6623 | D:7      | Reached skill level 9 in Earth Magic
  6743 | D:7      | Found a stormy altar of Qazlal.
  6862 | D:7      | Found an opulent altar of Gozag.
  7216 | D:7      | Identified a scroll of acquirement
  7216 | D:7      | Acquired the ring of Ofewu {rPois rF+ Int+6 Slay+3}
  7657 | D:8      | Reached skill level 10 in Earth Magic
  7690 | D:8      | Reached XP level 10. HP: 65/65 MP: 11/16
  7761 | D:8      | Noticed a two-headed ogre
  7764 | D:8      | Killed a two-headed ogre
  7880 | D:7      | Noticed Maggie
  8034 | D:7      | Killed Maggie
  8142 | D:7      | Identified the +3 falchion of the Evening {heavy, *Rage rC+
                  | Int+6 SInv}
  8362 | D:7      | Found a glowing silver altar of Zin.
  8528 | D:6      | Noticed a gargoyle
  8617 | D:6      | Killed a gargoyle
  8618 | D:6      | Reached skill level 11 in Earth Magic
  8939 | D:6      | Reached skill level 10 in Fighting
  9557 | D:8      | Reached XP level 11. HP: 70/72 MP: 13/17
  9994 | D:9      | Reached skill level 10 in Conjurations
  9994 | D:9      | Reached skill level 12 in Earth Magic
 10134 | D:9      | Found a shadowy altar of Dithmenos.
 10238 | D:9      | Found a radiant altar of Vehumet.
 10244 | D:9      | Became a worshipper of Vehumet
 10293 | D:9      | Noticed Grum
 10312 | D:9      | HP: 2/73 [Grum/+1 spear (7)]
 10312 | D:9      | Mangled by a wolf

Illustrated notes

Levels and vault maps discovered:
D:1:      eino_arrival_cavern_a, layout_basic
D:2:      layout_rooms, hellmonk_ecumenical_altar_lost_god, uniq_natasha,
          uniq_sigmund
D:3:      layout_loops_ring, mainiacjoe_overflow_chevrons, bloody_trog,
          amethyst_overflow_temple_binary, mainiacjoe_overflow_surrounded_room,
          nicolae_ashenzari_panopticon, lemuel_tele_altar, uniq_ijyb
D:4:      layout_loops_corners, marbit_many_paths, portal_sewer_entry_e,
          kennysheep_opposing_triangles
D:5:      layout_basic, mainiacjoe_overflow_six_doors_small,
          nemelex_altar_shiori, minmay_temple_entry_junction_2
D:6:      minmay_klotski, layout_loops_ring, kennysheep_minor_cross,
          amcnicky_mini_pool_small
D:7:      layout_cave_pods, mainiacjoe_overflow_brackets, old_standard_altar,
          mainiacjoe_overflow_tiny_flanked, serial_demonic, serial_demonic_f,
          serial_demonic_c, serial_demonic_a, serial_demonic_f, uniq_maggie
D:8:      layout_basic, kennysheep_generic_room_8
D:9:      layout_basic, grunt_dithmenos_smoke, nicolae_vehumet_altar_sigil,
          uniq_grum
Temple:   hellmonk_temple_two_chambers

Skill      XL: |  1  2  3  4  5  6  7  8  9 10 11 |
---------------+----------------------------------+-----
Transmutations | 1 |  1.0
Fighting       | 1 2 3 5 6 8 10 | 10.6
Earth Magic    | 4 5 6 8 10 11 12 | 12.0
Spellcasting   | 3 4 |  4.0
Conjurations   | 1 2 3 5 7 9 10 | 10.0
Dodging        | |  1.5
Stealth        | |  2.1

Action                     |  1- 3 |  4- 6 |  7- 9 | 10-12 || total
---------------------------+-------+-------+-------+-------++-------
  Melee: Unarmed           |    15 |       |       |       ||    15
         Short sword       |     4 |     4 |       |       ||     8
         Dagger            |       |     9 |    13 |       ||    22
         Punch             |       |       |     1 |     1 ||     2
         Falchion          |       |       |       |    28 ||    28
   Cast: Sandblast         |    52 |    94 |   179 |   103 ||   428
         Stone Arrow       |       |       |     6 |    11 ||    17
         Brom's Barrelling |       |       |     2 |     1 ||     3
    Use: Scroll            |       |     5 |     4 |       ||     9
         Potion            |       |       |     1 |     4 ||     5
 Armour: Robe              |    20 |    57 |   118 |   133 ||   328
  Dodge: Dodged            |    20 |    31 |    66 |    81 ||   198

Table legend: (Time is in decaauts)
 A = Elapsed time spent in this place.
 B = Non-inter-level travel time spent in this place.
 C = Inter-level travel time spent in this place.
 D = Time resting spent in this place.
 E = Time spent auto-exploring this place.
 F = Levels seen in this place.
 G = Mean time per level.
                   A        B        C        D        E       F      G
               +--------+--------+--------+--------+--------+-----+--------+
         Total |  10582 |   9911 |    671 |    324 |   7899 |  11 |  962.0 |
       Dungeon |  10391 |   9720 |    671 |    324 |   7744 |   9 | 1154.6 |
        Temple |     11 |     11 |      0 |      0 |      0 |   1 |   11.0 |
         Sewer |    179 |    179 |      0 |      0 |    155 |   1 |  179.0 |
               +--------+--------+--------+--------+--------+-----+--------+

Top non-repeatable levels by time:
     D:6: 1826 daAuts
     D:7: 1354 daAuts
     D:8: 1329 daAuts
     D:3: 1281 daAuts
     D:1: 1267 daAuts
     D:4: 1147 daAuts
     D:2: 898 daAuts
     D:5: 832 daAuts
     D:9: 453 daAuts
   Sewer: 179 daAuts
  Temple: 11 daAuts
